 Dungeon Crawl Stone Soup version 0.27-a0-1301-g128193a (webtiles) character file.

Game seed: 4440265621739486800

724 HDogLeCool the Skirmisher (level 7, -3/100 HPs)
             Began as a Yellow Draconian Monk on June 16, 2021.
             Was a High Priest of Trog.
             Slain by a killer bee (4 damage)
             ... on level 4 of the Dungeon.
             The game lasted 00:09:34 (3845 turns).

HDogLeCool the Skirmisher (Yellow Draconian Monk)   Turns: 3845, Time: 00:09:36

Health: -3/100     AC: 23    Str: 15    XL:     7   Next: 43%
Magic:  7/7        EV:  2    Int: 10    God:    Trog [*****.]
Gold:   117        SH:  0    Dex: 14    Spells: 6/6 levels left

rFire    . . .     SeeInvis .   c - +2 short sword (venom)
rCold    . . .     Faith    .   (no shield)
rNeg     + + +     Spirit   .   (armour unavailable)
rPois    +         Reflect  .   (helmet currently unavailable)
rElec    .         Harm     .   (cloak currently unavailable)
rCorr    .         Rampage  .   (gloves currently unavailable)
Will     .....     NoTele   +   (boots currently unavailable)
Stlth    ++........             (no amulet)
HPRegen  0.26/turn              (no ring)
MPRegen  0.10/turn              (no ring)

@: lethally poisoned (-3 -> -5), tree-form, on berserk cooldown, slowed, very
slow
A: stationary, stasis, torment immunity, boosted hp, (spit acid), AC +6,
unfitting armour, (cold-blooded), (acid resistance)
a: Renounce Religion, Berserk, Trog's Hand, Brothers in Arms


You were on level 4 of the Dungeon.
You worshipped Trog.
Trog was extremely pleased with you.
You were a tree.
You visited 1 branch of the dungeon, and saw 4 of its levels.

You collected 117 gold pieces.

Inventory:

Hand Weapons
 a - a +0 spear
 c - a +2 short sword of venom (weapon)
Armour
 h - a +0 cloak (melded)
Jewellery
 k - a ring of poison resistance
Scrolls
 d - 4 scrolls of identify {unknown}
 g - a scroll of blinking {unknown}
 l - a scroll of noise {unknown}
 m - 2 scrolls of teleportation {unknown}
Potions
 e - a potion of mutation {unknown}
 j - a potion of degeneration {unknown}


   Skills:
 * Level 7.8 Fighting
 + Level 4.6 Short Blades
 - Level 3.0 Polearms
 - Level 2.8 Dodging
 - Level 2.1 Stealth


You had 6 spell levels left.
You didn't know any spells.
Your spell library contained the following spells:

 Spells                   Type           Power      Damage    Failure   Level
 Animate Skeleton         Necr           0%         N/A       36%         1
 Apportation              Tloc           0%         N/A       36%         1
 Corona                   Hex            0%         N/A       36%         1
 Summon Small Mammal      Summ           0%         N/A       36%         1


Dungeon Overview and Level Annotations

Branches:
Dungeon (4/15)
 Temple: D:4-7

Altars:
Elyvilon
Hepliaklqana
Trog

Shops:
D:4 (


Innate Abilities, Weirdness & Mutations

You are a tree.
Your roots penetrate the ground, keeping you stationary.
You cannot be teleported.
You are immune to unholy pain and torment.
Your maximum health is greatly increased.
Your equipment is partially melded.
((You can spit globs of acid.))
((Your golden yellow scales are hard. (AC +6)))
You cannot fit into any form of body armour.
((You are cold-blooded and may be slowed by cold attacks.))
((You are resistant to acid. (rCorr)))


Message History

You feel very sick. The killer bee stings you.
* * * LOW HITPOINT WARNING * * *
You are more poisoned.
The killer bee poisons you! The killer bee stings you.
* * * LOW HITPOINT WARNING * * *
The killer bee closely misses you.
It was a potion of heal wounds.
You feel much better.
* * * LOW HITPOINT WARNING * * *
You feel extremely sick. The killer bee closely misses you.
The killer bee stings you.
* * * LOW HITPOINT WARNING * * *
You are more poisoned.
The killer bee poisons you! The killer bee stings you.
* * * LOW HITPOINT WARNING * * *
It was a potion of curing.
You feel better. The killer bee completely misses you.
The killer bee misses you. The killer bee stings you.
* * * LOW HITPOINT WARNING * * *
You miss the killer bee.
The killer bee is lightly wounded.
The killer bee stings you.
* * * LOW HITPOINT WARNING * * *
The killer bee stings you.
* * * LOW HITPOINT WARNING * * *
You are poisoned.
The killer bee poisons you! The killer bee barely misses you.
You miss the killer bee.
The killer bee is lightly wounded.
You feel sick. The killer bee stings you.
* * * LOW HITPOINT WARNING * * *
The killer bee closely misses you.
It was a potion of lignification.
You turn into a tree.
Your +0 cloak melds into your body.
Your roots penetrate the ground.
You feel sick.
The killer bee stings you but does no damage.
The killer bee stings you.
* * * LOW HITPOINT WARNING * * *
The killer bee stings you.
You die...

.
##################
..
>................+
...
#######.##########
.... #.# .....
#######.#
#####......
.....##.##
###..♣y...#
.........#
#....####.#
.........###....#
.........#.'....#
#........#.#....#
#..........#....#.#
#...............#.#
#.................#
#...........###...#


You could see a killer bee.

Vanquished Creatures
  2 ogres
  5 killer bees (D:4)
  A hound (D:4)
  An orc priest (D:3)
  Natasha (thrice) (D:2)
  An iguana (D:3)
  An orc wizard (D:3)
  Robin (D:2)
  5 adders
  A dart slug (D:1)
  4 orcs (D:3)
  12 ball pythons
  10 endoplasms
  2 giant cockroaches
  12 goblins
  8 hobgoblins
  8 jackals
  3 quokkas
  6 bats
  2 frilled lizards (D:1)
  4 kobolds
  3 rats
95 creatures vanquished.

Vanquished Creatures (others)
  A quokka (D:4)
  2 plants (D:3)
3 creatures vanquished.

Grand Total: 98 creatures vanquished

Notes
Turn   | Place    | Note
-------+----------+-------------------------------------------
     0 | D:1      | HDogLeCool the Draconian Monk began the quest for the Orb.
     0 | D:1      | Reached XP level 1. HP: 19/19 MP: 1/1
   209 | D:1      | Reached skill level 1 in Short Blades
   209 | D:1      | Reached XP level 2. HP: 26/26 MP: 2/2
   622 | D:1      | Found a faded altar of an unknown god.
   925 | D:1      | Became a worshipper of Trog the Wrathful
   925 | D:1      | Reached * piety under Trog
   925 | D:1      | Reached ** piety under Trog
  1096 | D:2      | Reached XP level 3. HP: 33/33 MP: 3/3
  1097 | D:2      | Reached skill level 4 in Fighting
  1205 | D:2      | Reached *** piety under Trog
  1289 | D:2      | Noticed Natasha
  1295 | D:2      | Noticed Robin
  1308 | D:2      | Killed Natasha
  1309 | D:2      | Reached XP level 4. HP: 41/41 MP: 4/4
  1325 | D:2      | Killed Robin
  1860 | D:2      | Noticed Natasha
  1861 | D:2      | Noticed an ogre
  1868 | D:2      | Killed an ogre
  1869 | D:2      | Reached skill level 5 in Fighting
  1869 | D:2      | Reached XP level 5. HP: 48/48 MP: 5/5
  1870 | D:2      | Killed Natasha
  2091 | D:2      | Noticed Natasha
  2099 | D:2      | Killed Natasha
  2373 | D:3      | Reached **** piety under Trog
  2527 | D:3      | Found a hazy altar of Hepliaklqana.
  2615 | D:3      | Reached skill level 6 in Fighting
  2615 | D:3      | Reached XP level 6. HP: 38/57 MP: 6/6
  3349 | D:4      | Found a white marble altar of Elyvilon.
  3505 | D:4      | Reached skill level 7 in Fighting
  3577 | D:4      | Found Jiyd Vil's Firing Range.
  3824 | D:4      | Reached ***** piety under Trog
  3825 | D:4      | Your scales start taking on a golden yellow colour.
  3825 | D:4      | Reached XP level 7. HP: 66/66 MP: 7/7
  3825 | D:4      | Gained mutation: You are resistant to acid. (rCorr) [Yellow
                  | Draconian growth]
  3840 | D:4      | HP: 2/67 [killer bee (4)]
  3845 | D:4      | HP: 5/100 [poisoned by a killer bee]
  3845 | D:4      | HP: 1/100 [killer bee (4)]
  3845 | D:4      | Slain by a killer bee

Illustrated notes

Levels and vault maps discovered:
D:1:      roderic_chinese_lattice_arrival, layout_loops_ring,
          shapermc_ecumenical_altar_starsandcircs
D:2:      layout_loops_corners, uniq_natasha, uniq_robin
D:3:      cheibrodos_pilgrimage, layout_basic, nicolae_hepliaklqana_hippocampus,
          minmay_shallow_snake_nest
D:4:      layout_basic, elyvilon_altar_4, general_overflow_altar,
          kennysheep_nondescript, grunt_ministairs_3, nicolae_shop_firing_range

Skill      XL: |  1  2  3  4  5  6 |
---------------+-------------------+-----
Short Blades   | 1 2 3 4 |  4.6
Stealth        | 2 |  2.1
Fighting       | 4 5 6 7 |  7.8
Polearms       | |  3.0
Dodging        | |  2.8

Action                   |  1- 3 |  4- 6 |  7- 9 || total
-------------------------+-------+-------+-------++-------
Melee: Short sword       |    65 |   148 |    18 ||   231
       Spear             |     2 |       |       ||     2
       Tailslap          |     9 |    16 |     2 ||    27
Invok: Berserk           |     2 |     3 |       ||     5
  Use: Potion            |       |       |     3 ||     3
 Stab: Sleeping          |     9 |     7 |       ||    16
Armor: Skin              |    17 |    39 |     2 ||    58
Dodge: Dodged            |    22 |    72 |    15 ||   109

Table legend: (Time is in decaauts)
 A = Elapsed time spent in this place.
 B = Non-inter-level travel time spent in this place.
 C = Inter-level travel time spent in this place.
 D = Time resting spent in this place.
 E = Time spent auto-exploring this place.
 F = Levels seen in this place.
 G = Mean time per level.
                   A        B        C        D        E       F      G
               +--------+--------+--------+--------+--------+-----+--------+
         Total |   3883 |   3686 |    197 |    525 |   2624 |   4 |  970.8 |
       Dungeon |   3883 |   3686 |    197 |    525 |   2624 |   4 |  970.8 |
               +--------+--------+--------+--------+--------+-----+--------+

Top non-repeatable levels by time:
     D:2: 1312 daAuts
     D:3: 1143 daAuts
     D:1: 980 daAuts
     D:4: 447 daAuts
